[Event "Team 45 45 League T59"]
[Site "Internet Chess Club"]
[Date "2013.11.30"]
[Round "1"]
[White "Bluecat"]
[Black "Goldenberg"]
[Result "0-1"]
[WhiteElo "1975"]
[BlackElo "1899"]
[Opening "Sicilian: Hungarian variation"]
[ECO "B27"]
[Time "12:02:24"]
[TimeControl "2700+45"]

1. e4 c5 2. Nf3 g6 3. d4 cxd4 4. c3 dxc3 5. Nxc3 Bg7 6. Bc4 Nc6 7. O-O Nf6 8. e5
Ng4 9. Bxf7+ Kxf7 10. Ng5+ Kg8 11. Qxg4 Nxe5 12. Qe4 e6 13. Bf4 Nc6 14. Rad1 Qa5
15. Rfe1 Qf5 16. Qe3 h6 17. Nge4 d5 18. Nd6 Qf8 19. Ncb5 e5 20. Bg3 Be6 21. f4
a6 22. Nc7 Qxd6 23. Nxa8 Qd8 24. Nb6 d4 25. Qe4 Bf5 26. Qd5+ Qxd5 27. Nxd5 e4
28. h3 Kf7 29. Nb6 Re8 30. Nc4 Ke6 31. a4 Kd5 32. b3 b5 33. Ne3+ Kc5 34. Rc1+
Kd6 35. Red1 d3 36. Be1 Be6 37. axb5 axb5 38. Rb1 Nd4 39. Kf2 Nxb3 40. Bb4+ Kc6
41. g4 Bd4 42. Re1 Bc4 43. h4 Ra8 44. h5 gxh5 45. gxh5 Ra4 46. Bf8 Ra2+ 47. Kg3
d2 48. Nf5 {White resigns} 0-1

[Event "Team 45 45 League T59"]
[Site "Internet Chess Club"]
[Date "2013.11.24"]
[Round "1"]
[White "zigzag2002"]
[Black "Agarnez"]
[Result "1-0"]
[WhiteElo "2022"]
[BlackElo "1912"]
[Opening "French: Tarrasch, open variation, main line"]
[ECO "C09"]
[Time "20:00:25"]
[TimeControl "2700+45"]

1. e4 e6 2. d4 d5 3. Nd2 c5 4. exd5 exd5 5. Ngf3 Nc6 6. Bb5 Nf6 7. O-O Be7 8.
dxc5 O-O 9. Bxc6 bxc6 10. b4 a5 11. c3 Qc7 12. Qc2 Nh5 13. Nb3 axb4 14. cxb4 Nf4
15. Nbd4 Bf6 16. a4 Bg4 17. Bb2 Qd7 18. Qd2 g5 19. b5 Bxf3 20. Nxf3 Bxb2 21.
Qxb2 Qg4 22. Ne1 Rfe8 23. f3 Nh3+ 24. Kh1 Qc4 25. Nd3 Qxd3 26. gxh3 Rxa4 27. b6
Rxa1 28. Qxa1 Qf5 29. h4 Qf4 30. Qb2 d4 31. Qg2 Qxh4 32. f4 g4 33. Qg3 Qh5 34.
f5 Qg5 35. b7 Qd8 36. Qxg4+ Kh8 37. Ra1 Qd5+ 38. Kg1 Qxc5 39. Ra8 Qc1+ 40. Kg2
Qd2+ 41. Kh3 Qh6+ 42. Qh4 Qe3+ 43. Qg3 Qh6+ 44. Kg4 {Black resigns} 1-0

[Event "Team 45 45 League T59"]
[Site "Internet Chess Club"]
[Date "2013.11.25"]
[Round "1"]
[White "WillC"]
[Black "juniorVishy"]
[Result "0-1"]
[WhiteElo "1661"]
[BlackElo "1737"]
[Opening "Queen's bishop game"]
[ECO "D02"]
[Time "17:31:46"]
[TimeControl "2700+45"]

1. d4 d5 2. Nf3 Nf6 3. Bf4 e6 4. e3 Nbd7 5. Bd3 Be7 6. Nbd2 O-O 7. h3 c5 8. O-O
b6 9. c4 Bb7 10. Rc1 cxd4 11. exd4 dxc4 12. Nxc4 Nd5 13. Bg3 N7f6 14. a3 Nh5 15.
Bh2 Nhf4 16. Bb1 Bg5 17. Nxg5 Qxg5 18. Bg3 Rfd8 19. Qf3 Rab8 20. Be4 Rbc8 21.
Ne5 Rxc1 22. Rxc1 Nxh3+ 23. gxh3 Qxc1+ 24. Kh2 Rf8 25. Nd7 Re8 26. Ne5 f5 27.
Qh5 Rf8 28. Bg2 Nf4 29. Qg5 Bxg2 30. Bxf4 Qh1+ 31. Kg3 Qxh3# {White checkmated}
0-1

[Event "Team 45 45 League T59"]
[Site "Internet Chess Club"]
[Date "2013.11.24"]
[Round "1"]
[White "ausya"]
[Black "Innes"]
[Result "0-1"]
[WhiteElo "1754"]
[BlackElo "1664"]
[Opening "Ruy Lopez: modern Steinitz defense, Rubinstein variation"]
[ECO "C75"]
[Time "15:00:37"]
[TimeControl "2700+45"]

1. e4 e5 2. Nf3 Nc6 3. Bb5 a6 4. Ba4 d6 5. c3 Bd7 6. d4 Nge7 7. O-O Ng6 8. Re1
Be7 9. Nbd2 h6 10. Nf1 Bg5 11. Nxg5 hxg5 12. Re3 Nce7 13. Rf3 Nf4 14. dxe5 b5
15. exd6 Neg6 16. dxc7 Qxc7 17. Bb3 O-O-O 18. Bxf4 Nxf4 19. Qc2 Bg4 20. Re3 Rd6
21. f3 Bd7 22. Rd1 Rdh6 23. g3 Bh3 24. gxf4 Bxf1 25. Kxf1 Rxh2 26. Re2 Rh1+ 27.
Kf2 R8h2+ 28. Ke3 Qxf4+ 29. Kd4 Qd6+ 30. Bd5 Qf6+ 31. e5 Rh4+ 32. Re4 Qb6+ 33.
Kd3 Rxe4 34. Kxe4 Qg6+ 35. Kd4 Qxc2 36. Rxh1 Qd2+ 37. Kc5 Qxb2 38. Kd6 Qa3+ 39.
Kc6 Qxc3+ 40. Kd6 Qb4+ 41. Kc6 Qf8 42. Bxf7 Kd8 43. e6 Ke7 44. Rd1 Qc8+ 45. Kb6
Qb8+ 46. Kxa6 Qa8+ 47. Kxb5 Qxf3 48. Rd7+ Kf6 49. Bg8 Qe2+ 50. Kc6 Qc4+ 51. Kb6
g4 52. Rf7+ Kg6 53. Rd7 g3 54. Rd1 Qb4+ 55. Kc7 g2 56. Bf7+ Kf6 57. Kd8 Qb6+ 58.
Kd7 g1=Q 59. Rxg1 Qxg1 {White resigns} 0-1

[Event "Team 45 45 League T59"]
[Site "Internet Chess Club"]
[Date "2013.11.24"]
[Round "1"]
[White "chessfreak2001"]
[Black "SlimeDog2"]
[Result "1-0"]
[WhiteElo "1693"]
[BlackElo "2020"]
[Opening "Petrov: Nimzovich attack"]
[ECO "C42"]
[Time "20:00:38"]
[TimeControl "2700+45"]

1. e4 e5 2. Nf3 Nf6 3. Nxe5 d6 4. Nf3 Nxe4 5. Nc3 Nxc3 6. dxc3 Be7 7. Be3 Nc6 8.
Qd2 Be6 9. O-O-O Qd7 10. Kb1 O-O-O 11. Bb5 a6 12. Ba4 b5 13. Bb3 d5 14. Nd4 Ne5
15. Nxe6 Qxe6 16. Bxd5 Qf5 17. Qd4 Ng4 18. Qa7 {Black resigns} 1-0

[Event "Team 45 45 League T59"]
[Site "Internet Chess Club"]
[Date "2013.11.24"]
[Round "1"]
[White "DouDou"]
[Black "Warpdrive"]
[Result "0-1"]
[WhiteElo "1834"]
[BlackElo "1673"]
[Opening "Caro-Kann: classical, 6.h4"]
[ECO "B19"]
[Time "21:30:38"]
[TimeControl "2700+45"]

1. e4 c6 2. d4 d5 3. Nc3 dxe4 4. Nxe4 Bf5 5. Ng3 Bg6 6. h4 h6 7. Nf3 e6 8. h5
Bh7 9. Bd3 Bxd3 10. Qxd3 Nf6 11. Bd2 Bd6 12. O-O-O Nbd7 13. Ne4 Nxe4 14. Qxe4
Nf6 15. Qe2 Qc7 16. Ne5 O-O-O 17. Kb1 Bxe5 18. dxe5 Nd5 19. f4 Ne7 20. g4 Rhe8
21. Bb4 Rxd1+ 22. Rxd1 Rd8 23. Bd6 Qd7 24. Rd3 Nd5 25. Qf2 b6 26. Qf1 Kb7 27.
Ra3 Ka8 28. c4 Nc7 29. Qf2 Kb7 30. Qc2 Ne8 31. Qa4 Ka8 32. Rd3 c5 33. Qd1 Qc6
34. Be7 Rxd3 35. Qxd3 Qc7 36. Bh4 Kb7 37. Bd8 Qc6 38. Qd1 Qe4+ 39. Ka1 Kc8 40.
Be7 Qxf4 41. Qd8+ Kb7 42. Qd7+ Nc7 43. Qd1 Qxe5 44. Qf3+ Kc8 45. a3 f5 46. gxf5
exf5 47. Bh4 Qe4 48. Qf2 Ne6 49. b3 Nd4 50. Kb2 Qe2+ 51. Qxe2 Nxe2 52. Kc2 Nf4
{White resigns} 0-1

[Event "Team 45 45 League T59"]
[Site "Internet Chess Club"]
[Date "2013.11.22"]
[Round "1"]
[White "tryanything"]
[Black "joebobpop"]
[Result "0-1"]
[WhiteElo "1567"]
[BlackElo "1770"]
[Opening "Giuoco Piano"]
[ECO "C50"]
[Time "19:04:43"]
[TimeControl "2700+45"]

1. e4 e5 2. Nf3 Nc6 3. Bc4 Bc5 4. O-O Nf6 5. d3 d6 6. Bg5 Bg4 7. Nbd2 h6 8. Bxf6
Qxf6 9. c3 g5 10. b4 Bb6 11. a4 a5 12. b5 Ne7 13. h3 Bh5 14. g4 Bg6 15. Nh2 h5
16. Qf3 Qg7 17. Rad1 hxg4 18. Nxg4 f5 19. exf5 Bxf5 20. Kg2 Ng6 21. Qxb7 Nf4+
22. Kg1 Nxh3+ 23. Kg2 Nf4+ 24. Kg1 Bxg4 25. Qxa8+ Ke7 26. Qc6 Qh6 {White
resigns} 0-1

[Event "Team 45 45 League T59"]
[Site "Internet Chess Club"]
[Date "2013.11.22"]
[Round "1"]
[White "sonoftill"]
[Black "f5"]
[Result "1/2-1/2"]
[WhiteElo "2132"]
[BlackElo "2162"]
[Opening "Queen's pawn: Chigorin variation"]
[ECO "D00"]
[Time "16:11:51"]
[TimeControl "2700+45"]

1. d4 d5 2. Nc3 f5 3. Bg5 g6 4. Qd2 Bg7 5. f3 c6 6. O-O-O Nf6 7. e4 O-O 8. e5
Ne8 9. h4 Nc7 10. h5 Ne6 11. hxg6 hxg6 12. Bh6 Rf7 13. Qf2 Nd7 14. Qg3 Ndf8 15.
f4 Qe8 16. Nf3 Bxh6 17. Rxh6 Rh7 18. Rxh7 Nxh7 19. Bd3 Kf7 20. Rh1 Qg8 21. Ne2
b5 22. Qh4 Nef8 23. e6+ Kxe6 24. Ne5 Kd6 25. Nc3 Bd7 26. Qe1 Qg7 27. Nf7+ Kc7
28. Qxe7 Qxd4 29. Qd6+ Kb6 30. Ne5 Be8 31. Nxb5 Qe3+ 32. Kd1 Rc8 33. Nc3 Kb7 34.
Nxd5 Qd4 35. Qb4+ Qxb4 36. Nxb4 Rd8 37. Ke2 a5 38. Ba6+ Kb6 39. Nc4+ Kc5 40.
Nd3+ Kd5 41. Ne3+ Kd6 42. Ne5 Nf6 43. Rd1+ Kc7 44. Rxd8 Kxd8 45. Bc4 {Game drawn
by mutual agreement} 1/2-1/2

[Event "Team 45 45 League T59"]
[Site "Internet Chess Club"]
[Date "2013.11.23"]
[Round "1"]
[White "koni"]
[Black "SlimeDog2"]
[Result "1/2-1/2"]
[WhiteElo "1906"]
[BlackElo "2049"]
[Opening "Réti opening"]
[ECO "A05"]
[Time "02:26:08"]
[TimeControl "2700+45"]

1. Nf3 Nf6 2. g3 d5 3. Bg2 g6 4. O-O Bg7 5. d3 O-O 6. Nbd2 Nc6 7. e4 e5 8. c3 h6
9. b4 dxe4 10. Nxe4 Nxe4 11. dxe4 Be6 12. Qc2 Qe7 13. Be3 Rfd8 14. Rfd1 Bc4 15.
Bf1 Qe6 16. Nd2 Bxf1 17. Kxf1 f5 18. Qb3 Kf7 19. Qxe6+ Kxe6 20. Nb3 b6 21. f3
Rxd1+ 22. Rxd1 Rd8 23. Ke2 h5 24. a4 Bf8 25. b5 Rxd1 26. Kxd1 Nb8 {Game drawn by
mutual agreement} 1/2-1/2

[Event "Team 45 45 League T59"]
[Site "Internet Chess Club"]
[Date "2013.11.23"]
[Round "1"]
[White "JustinL"]
[Black "poni"]
[Result "1-0"]
[WhiteElo "2019"]
[BlackElo "1867"]
[Opening "Pirc defense"]
[ECO "B07"]
[Time "11:00:44"]
[TimeControl "2700+45"]

1. e4 d6 2. d4 Nf6 3. Nc3 e5 4. dxe5 dxe5 5. Qxd8+ Kxd8 6. Bg5 Bd6 7. O-O-O Nd7
8. Nf3 Ke7 9. Nd5+ Ke8 10. Bd3 Nxd5 11. exd5 f6 12. Be3 Bc5 13. Rhe1 Bxe3+ 14.
Rxe3 Nc5 15. Bc4 Ke7 16. b4 Na4 17. Bb3 Nb6 18. c4 Bf5 19. Nd4 Bg4 20. f3 Bd7
21. f4 Rhe8 22. fxe5 fxe5 23. Rxe5+ Kf6 24. Ree1 Rxe1 25. Rxe1 Re8 26. Rxe8 Bxe8
27. Kd2 Bf7 28. Ke3 g5 29. a4 a6 30. Nf3 Nd7 31. Kd4 h6 32. g4 Bg6 33. c5 h5 34.
h3 hxg4 35. hxg4 Bb1 36. a5 Nf8 37. Ne5 Ng6 38. Nxg6 Bxg6 39. c6 bxc6 40. dxc6
Be8 41. Bd5 Ke7 42. Kc5 Bg6 43. b5 Bd3 44. Bc4 Bxc4 45. b6 cxb6+ 46. axb6 {Black
resigns} 1-0

[Event "Team 45 45 League T59"]
[Site "Internet Chess Club"]
[Date "2013.11.22"]
[Round "1"]
[White "nurmi"]
[Black "CKNIGHT3"]
[Result "0-1"]
[WhiteElo "2029"]
[BlackElo "1854"]
[Opening "Sicilian defense"]
[ECO "B20"]
[Time "22:05:59"]
[TimeControl "2700+45"]

1. e4 c5 2. b3 Nc6 3. Bb2 Nf6 4. e5 Nd5 5. c4 Nf4 6. g3 Ng6 7. Nf3 d6 8. exd6 e5
9. Nc3 Bxd6 10. h3 O-O 11. Bg2 e4 12. Nh2 Be5 13. Ng4 f5 14. Nxe5 Ngxe5 15. O-O
Nd3 16. Ba3 Nd4 17. f3 Qd6 18. fxe4 Qxg3 19. Ne2 Qe5 20. Nxd4 Qxd4+ 21. Kh2 fxe4
22. Qh5 Be6 23. Qh4 Bf5 24. Rg1 Bg6 25. Raf1 Rxf1 26. Rxf1 Qd6+ 27. Kh1 Kh8 28.
Qg4 Qa6 29. Bxe4 Qxa3 30. Bxg6 Ne5 31. Be8 Rxe8 32. Qe6 Rg8 33. Qxe5 Qxa2 34.
Qc3 Qa6 35. d4 cxd4 36. Qxd4 Qe6 37. Rf3 a6 38. Kh2 Re8 39. b4 Qe1 40. Rg3 Qe7
41. h4 Qc7 42. Kh3 b6 43. h5 Qb7 44. Kh2 Re2+ 45. Kg1 Qc7 46. Qg4 Re8 47. h6
gxh6 48. Kh2 Qe5 49. Qd7 Rg8 50. Qd3 Rxg3 51. Qxg3 Qxg3+ 52. Kxg3 Kg7 53. Kg4
Kf6 54. Kf4 Ke6 55. Ke4 Kd6 56. Kd4 h5 {White resigns} 0-1

[Event "Team 45 45 League T59"]
[Site "Internet Chess Club"]
[Date "2013.11.24"]
[Round "1"]
[White "kyoroogi"]
[Black "universe"]
[Result "0-1"]
[WhiteElo "2150"]
[BlackElo "2253"]
[Opening "Ruy Lopez: closed defense"]
[ECO "C84"]
[Time "16:17:28"]
[TimeControl "2700+45"]

1. e4 e5 2. Nf3 Nc6 3. Bb5 a6 4. Ba4 Nf6 5. O-O Be7 6. d3 b5 7. Bb3 d6 8. a4 b4
9. Nbd2 O-O 10. a5 Be6 11. Nc4 h6 12. h3 Rb8 13. Be3 Rb7 14. Re1 Nb8 15. d4 Nxe4
16. Qd3 exd4 17. Nxd4 d5 18. Ne5 Nc5 19. Nxe6 fxe6 20. Bxc5 Bxc5 21. Nf3 c6 22.
Rxe6 Re7 23. Rxe7 Qxe7 24. Re1 Rxf3 25. Bxd5+ cxd5 26. Qxd5+ Qf7 27. Qxc5 Qf8
28. Qc4+ Rf7 29. Re4 Kh7 30. f3 Rf6 31. Qxb4 Qxb4 32. Rxb4 Nc6 33. Rb6 Nxa5 34.
Rxf6 gxf6 35. Kf2 Kg6 36. b3 Kf5 37. Ke3 Nc6 38. g3 Ke5 39. c3 Na5 40. b4 Nc4+
41. Kd3 Kd5 42. f4 f5 43. g4 fxg4 44. hxg4 Nd6 45. g5 h5 46. g6 Ke6 47. c4 Kf6
48. c5 Nf5 49. Ke4 Kxg6 50. c6 Ne7 51. c7 Kf6 52. f5 h4 {White resigns} 0-1

[Event "Team 45 45 League T59"]
[Site "Internet Chess Club"]
[Date "2013.11.24"]
[Round "1"]
[White "SaltofLife"]
[Black "Otelo"]
[Result "1-0"]
[WhiteElo "1894"]
[BlackElo "1818"]
[Opening "King's Indian: Torre attack"]
[ECO "A48"]
[Time "15:02:51"]
[TimeControl "2700+45"]

1. d4 Nf6 2. Nf3 g6 3. Bg5 Bg7 4. Nbd2 h6 5. Bh4 d6 6. e4 Nbd7 7. c3 O-O 8. Be2
c5 9. O-O b6 10. Re1 Bb7 11. Bf1 Qc7 12. e5 dxe5 13. dxe5 Nd5 14. c4 g5 15. Bxg5
hxg5 16. Nxg5 Nf4 17. Qc2 Ng6 18. e6 f5 19. exd7 Qxd7 20. Ne6 Rf7 21. Rad1 Qc6
22. Nf3 Nf4 23. Nxf4 {Black resigns} 1-0

[Event "Team 45 45 League T59"]
[Site "Internet Chess Club"]
[Date "2013.11.23"]
[Round "1"]
[White "alexping"]
[Black "fledermaus"]
[Result "1/2-1/2"]
[WhiteElo "1871"]
[BlackElo "1840"]
[Opening "QGD: 4.Nf3"]
[ECO "D37"]
[Time "10:35:54"]
[TimeControl "2700+45"]

1. d4 d5 2. c4 e6 3. Nf3 Nf6 4. Nc3 Be7 5. e3 O-O 6. Be2 dxc4 7. Bxc4 c5 8. O-O
Nc6 9. a3 a6 10. Re1 b5 11. Bf1 Bb7 12. h3 Rc8 13. dxc5 Bxc5 14. Qe2 e5 15. Rd1
Qe7 16. b4 Bd6 17. Bb2 e4 18. Nd4 Nxd4 19. exd4 Bb8 20. g3 Rfe8 21. Qe3 Rxc3 22.
Qxc3 Nd5 23. Qc5 Bd6 24. Qc2 f5 25. Re1 h5 26. h4 g5 27. hxg5 Qxg5 28. Bg2 h4
29. Bc1 Qf6 30. Qb3 hxg3 31. fxg3 Kg7 32. Be3 Bxg3 33. Bh6+ Kxh6 34. Qxg3 Qxd4+
35. Kh2 Nf6 36. Rad1 Qe5 37. Rd6 Qxg3+ 38. Kxg3 Kg5 39. Rc1 Re7 40. Kf2 e3+ 41.
Kg1 Bxg2 42. Kxg2 Ng4 43. Re1 Rh7 44. Rd5 Rh2+ 45. Kg3 Ra2 46. Rf1 Nf2 47. Kf3
Rxa3 48. Rg1+ Ng4 49. Rd8 Ra2 50. Rd5 Rf2+ 51. Kg3 Rb2 52. Rf1 Nf2 53. Kf3 Rxb4
54. Kxe3 Ng4+ 55. Ke2 Re4+ 56. Kd2 Re5 57. Rxe5 Nxe5 58. Ra1 a5 59. Ke3 Nc4+ 60.
Kd4 f4 61. Kc5 f3 62. Rf1 Nd2 63. Rxf3 Nxf3 64. Kxb5 a4 65. Kxa4 {Game drawn
because neither player has mating material} 1/2-1/2

[Event "Team 45 45 League T59"]
[Site "Internet Chess Club"]
[Date "2013.11.24"]
[Round "1"]
[White "fishhead"]
[Black "bobhill"]
[Result "1-0"]
[WhiteElo "1856"]
[BlackElo "1929"]
[Opening "Sicilian"]
[ECO "B50"]
[Time "16:02:01"]
[TimeControl "2700+45"]

1. e4 c5 2. Nf3 d6 3. g3 Nc6 4. Bg2 g6 5. O-O Bg7 6. d3 Nf6 7. Nbd2 O-O 8. h3
Bd7 9. Nc4 Qc7 10. a4 Rad8 11. Ne3 Qc8 12. Kh2 e5 13. Ng1 Nd4 14. c3 Ne6 15. f4
exf4 16. gxf4 Nh5 17. Nd5 Kh8 18. Bf3 Nf6 19. f5 Nc7 20. Ne7 Qb8 21. Bf4 Bc6 22.
Qd2 Rd7 23. Nxc6 bxc6 24. Qg2 gxf5 25. Rf2 Ne6 26. Bg3 f4 27. Bh4 Rg8 28. Bd1 d5
29. Qf3 dxe4 30. dxe4 Qe5 31. Bc2 Bh6 32. Raf1 Nh5 33. Rd1 Qg7 34. Qxh5 f3 35.
Qxf3 Rxd1 36. Qxd1 Bf4+ 37. Kh1 Qh6 38. Nf3 Bg3 39. Bxg3 Rxg3 40. Nh2 Qxh3 41.
Qf1 Ng5 42. Qxh3 Nxh3 43. Rf1 Kg7 44. Nf3 Rg6 45. e5 Kf8 46. Bxg6 {Black
resigns} 1-0

[Event "Team 45 45 League T59"]
[Site "Internet Chess Club"]
[Date "2013.11.25"]
[Round "1"]
[White "yummy2"]
[Black "niceshot"]
[Result "1-0"]
[WhiteElo "2344"]
[BlackElo "2038"]
[Opening "Sicilian"]
[ECO "B50"]
[Time "13:15:34"]
[TimeControl "2700+45"]

1. e4 c5 2. Nf3 d6 3. c3 Nf6 4. Bd3 g6 5. O-O Bg7 6. Bc2 Nc6 7. h3 O-O 8. d4
cxd4 9. cxd4 e5 10. d5 Nb4 11. Bb3 Nxe4 12. Qe1 a5 13. Qxe4 Bf5 14. Qe3 a4 15.
Bd2 Nd3 16. Bc2 Nxb2 17. Bxf5 Nc4 18. Qe4 Nxd2 19. Nbxd2 Ra5 20. Rab1 gxf5 21.
Qxf5 Rxd5 22. Ng5 {Black resigns} 1-0

[Event "Team 45 45 League T59"]
[Site "Internet Chess Club"]
[Date "2013.11.25"]
[Round "1"]
[White "steadman"]
[Black "NFork"]
[Result "1-0"]
[WhiteElo "2136"]
[BlackElo "2230"]
[Opening "Queen's pawn game"]
[ECO "E10"]
[Time "16:15:40"]
[TimeControl "2700+45"]

1. d4 Nf6 2. c4 e6 3. Nf3 d5 4. g3 Bb4+ 5. Bd2 Be7 6. Bg2 O-O 7. O-O Nbd7 8. Qc2
c6 9. Bf4 b6 10. Rd1 Bb7 11. Nc3 dxc4 12. Nd2 Nd5 13. Nxc4 Nxf4 14. gxf4 Qc7 15.
e3 Rac8 16. a3 Rfd8 17. b4 Nf6 18. Rac1 Qb8 19. Ne5 c5 20. dxc5 Bxg2 21. Kxg2
bxc5 22. b5 Qb7+ 23. Nc6 a6 24. a4 axb5 25. Rxd8+ Bxd8 26. axb5 Nd7 27. Ra1 Nb8
28. Ra7 Qb6 29. Qd3 c4 30. Qd6 h6 31. Ne7+ {Black resigns} 1-0

[Event "Team 45 45 League T59"]
[Site "Internet Chess Club"]
[Date "2013.11.26"]
[Round "1"]
[White "f5"]
[Black "Pomberito"]
[Result "1-0"]
[WhiteElo "2176"]
[BlackElo "2108"]
[Opening "Scotch: Mieses variation"]
[ECO "C45"]
[Time "16:30:39"]
[TimeControl "2700+45"]

1. e4 e5 2. Nf3 Nc6 3. d4 exd4 4. Nxd4 Nf6 5. Nxc6 bxc6 6. e5 Qe7 7. Qe2 Nd5 8.
c4 Ba6 9. b3 O-O-O 10. g3 Re8 11. Bb2 f6 12. Nd2 fxe5 13. O-O-O Qf7 14. Bg2 Bb4
15. Ne4 Nf6 16. a3 Nxe4 17. axb4 Nf6 18. Qd2 Bb7 19. Rhe1 e4 20. Bd4 Re7 21.
Bxa7 Rhe8 22. h4 Ng4 23. Bc5 d6 24. Bh3 h5 25. Bxg4+ hxg4 26. Be3 Kd7 27. Kb2
Ra8 28. Ra1 Ree8 29. Qd4 g6 30. Rxa8 Rxa8 31. Bf4 Re8 32. Re2 Qf5 33. Re1 Qf7
34. Re2 Qf5 35. Re1 Re7 36. Re2 Qf7 37. Rxe4 c5 38. Rxe7+ Qxe7 39. bxc5 Qe2+ 40.
Bd2 Be4 41. cxd6 cxd6 42. Kc3 Bf5 43. c5 Qf3+ 44. Be3 d5 45. Qg7+ Ke8 46. Qe5+
Kf7 47. Kb4 Be4 48. Qc7+ Ke6 49. Qd6+ Kf7 50. Qd7+ Kf6 51. Bd4# {Black
checkmated} 1-0

[Event "Team 45 45 League T59"]
[Site "Internet Chess Club"]
[Date "2013.11.20"]
[Round "1"]
[White "Kueh"]
[Black "CuatroPrincesas"]
[Result "0-1"]
[WhiteElo "1983"]
[BlackElo "2159"]
[Opening "Sicilian: Canal-Sokolsky (Nimzovich-Rossolimo, Moscow) attack"]
[ECO "B51"]
[Time "17:00:36"]
[TimeControl "2700+45"]

1. e4 c5 2. Nf3 d6 3. Bb5+ Nd7 4. c4 Nf6 5. Nc3 g6 6. d4 cxd4 7. Nxd4 Bg7 8. O-O
O-O 9. Ba4 a6 10. Bc2 Qc7 11. Qe2 Ne5 12. b3 b5 13. f4 Qb6 14. Be3 Neg4 15. Nf5
Nxe3 16. Qxe3 Qxe3+ 17. Nxe3 Ng4 18. Ned5 Bd4+ 19. Kh1 b4 20. Nxe7+ Kg7 21. Ncd5
Bxa1 22. Rxa1 Bb7 23. h3 Nf6 24. Rd1 a5 25. Nxf6 Kxf6 26. Nd5+ Bxd5 27. Rxd5 Ke7
28. g4 f6 29. Kg2 Rfc8 30. Rb5 Ra7 31. Kf3 Rc5 32. Rb8 h5 33. Rh8 hxg4+ 34. hxg4
Rac7 35. Ke3 g5 36. f5 Rc8 37. Rh7+ Ke8 38. Rh6 Kf7 39. Rh7+ Ke8 40. Rh8+ Ke7
41. Rh7+ Kf8 42. Rd7 R5c6 43. Ra7 Rc5 44. Rd7 R8c6 45. Ra7 Rc7 46. Ra8+ Kf7 47.
Bd3 Re5 48. Rd8 Ke7 49. Ra8 Kd7 50. Rf8 Ke7 51. Ra8 Rd7 52. Kd4 Rd8 53. Ra7+ Rd7
54. Ra8 Rc5 55. Rh8 Rcc7 56. Ra8 Ra7 57. Rh8 a4 58. Rh7+ Kd8 59. Rh8+ Ke7 60.
Rh7+ Kf8 61. Rxd7 Rxd7 62. bxa4 Ra7 63. c5 Rxa4 64. Bc4 Ke7 65. c6 Ra5 66. Be6
Rc5 67. Bd5 Kd8 68. Kd3 Rc3+ 69. Kd4 Rg3 70. Kc4 b3 71. axb3 Rxg4 72. b4 Rg1 73.
b5 Rb1 74. e5 dxe5 75. Kc5 Kc7 76. Be4 Rb2 77. Kd5 Rxb5+ 78. Ke6 Rb4 79. Bg2 e4
80. Kxf6 e3 81. Bf1 Rf4 82. Bd3 g4 83. Kg5 Rd4 84. Bf1 g3 85. f6 e2 {White
resigns} 0-1

[Event "Team 45 45 League T59"]
[Site "Internet Chess Club"]
[Date "2013.11.23"]
[Round "1"]
[White "ARuperez"]
[Black "universe"]
[Result "1/2-1/2"]
[WhiteElo "2207"]
[BlackElo "2240"]
[Opening "Giuoco Piano: Anderssen variation"]
[ECO "C54"]
[Time "14:01:10"]
[TimeControl "2700+45"]

1. e4 e5 2. Nf3 Nc6 3. Bc4 Bc5 4. c3 Nf6 5. d4 exd4 6. e5 d5 7. Bb5 Ne4 8. cxd4
Bb4+ 9. Bd2 Nxd2 10. Nbxd2 Bd7 11. O-O O-O 12. Qb3 Nxd4 13. Nxd4 Bxd2 14. Rad1
Bf4 15. Bxd7 Qxd7 16. Qxb7 Rfb8 17. Qc6 Qxc6 18. Nxc6 Rxb2 19. Rxd5 f6 20. exf6
gxf6 21. Ra5 Re8 22. Rxa7 Ree2 23. g3 Be3 24. Ra8+ Kf7 25. Ne5+ fxe5 26. fxe3+
Ke7 27. Rc1 Rg2+ 28. Kh1 Rxh2+ 29. Kg1 Kd6 30. Ra6+ Kd5 31. Rxc7 Ke4 32. Rf7
Rhg2+ 33. Kf1 Rgc2 34. Kg1 Kxe3 35. Ra3+ Ke4 36. Ra4+ Kd5 37. g4 Ke6 38. Raa7 h6
39. a4 Rg2+ 40. Kf1 Rh2 41. Kg1 Rhg2+ 42. Kf1 Rh2 43. Kg1 Rbg2+ 44. Kf1 Rxg4 45.
a5 Rb4 46. Kg1 Ra2 47. a6 Rg4+ 48. Kf1 Rga4 49. Rae7+ Kd5 50. a7 Ke4 51. Rb7 h5
52. Kg1 h4 53. Rh7 Kf3 54. Rb3+ Kg4 55. Rbb7 Rd4 56. Rhg7+ Kf3 57. Rgf7+ Ke4 58.
Rb1 Kd5 59. Re7 Kd6 60. Rh7 Rg4+ 61. Kh1 Rf4 62. Rg1 h3 63. Re1 e4 64. Rd1+ Ke6
65. Rhd7 Rf3 66. R1d6+ Ke5 67. Rd1 Ke6 68. R1d6+ Ke5 69. Rd1 Kf6 70. R7d6+ Kf5
71. Rd7 Kg6 72. Rg1+ Kf6 73. Rh7 Rff2 74. Rh6+ Ke5 75. Rh5+ Rf5 76. Rh7 Rff2 77.
Rh5+ Ke6 78. Rh6+ Ke5 79. Rh5+ {Game drawn by repetition} 1/2-1/2

[Event "Team 45 45 League T59"]
[Site "Internet Chess Club"]
[Date "2013.11.25"]
[Round "1"]
[White "Emancipator"]
[Black "TerryMalloy"]
[Result "1-0"]
[WhiteElo "2355"]
[BlackElo "1937"]
[Opening "Petrov: modern attack, Symmetrical variation"]
[ECO "C43"]
[Time "12:01:20"]
[TimeControl "2700+45"]

1. e4 e5 2. Nf3 Nf6 3. d4 Nxe4 4. Bd3 Nc6 5. Bxe4 d5 6. Bg5 Qd6 7. Bd3 e4 8. Nc3
exd3 9. Qxd3 f6 10. Qe3+ Ne7 11. Bf4 Qc6 12. O-O Bd7 13. a4 Kf7 14. Nb5 Nf5 15.
Qb3 Bd6 16. Bxd6 Nxd6 17. Nxd6+ Qxd6 18. Rfe1 Rab8 19. Re3 Rhe8 20. Rae1 Rxe3
21. Rxe3 b6 22. a5 Re8 23. Rxe8 Bxe8 24. Qd3 g6 25. Qa6 Qf4 26. axb6 Qc1+ 27.
Qf1 Qxf1+ 28. Kxf1 axb6 29. Ke2 Bb5+ 30. Kd2 c5 31. c3 Ke6 32. dxc5 bxc5 33. b4
cxb4 34. Nd4+ {Black resigns} 1-0

[Event "Team 45 45 League T59"]
[Site "Internet Chess Club"]
[Date "2013.11.23"]
[Round "1"]
[White "Justi"]
[Black "Epcot"]
[Result "1-0"]
[WhiteElo "2050"]
[BlackElo "2094"]
[Opening "French: advance, Paulsen attack"]
[ECO "C02"]
[Time "21:35:48"]
[TimeControl "2700+45"]

1. e4 e6 2. d4 d5 3. e5 c5 4. c3 Nc6 5. Nf3 Qb6 6. a3 Nh6 7. Bd3 cxd4 8. cxd4
Bd7 9. O-O Nxd4 10. Nxd4 Qxd4 11. Nc3 a6 12. Qe2 Qg4 13. Qc2 Rc8 14. Qb3 Bc6 15.
Ne2 Bc5 16. Bxh6 gxh6 17. Rac1 Ba7 18. Rxc6 bxc6 19. Qb7 O-O 20. Qxa7 c5 21. f3
Qg5 22. f4 Qg4 23. Rf3 c4 24. Rg3 Qxg3 25. hxg3 cxd3 26. Nc3 d4 27. Qxd4 Rfd8
28. Qa4 d2 29. Nd1 Rc1 30. Kf2 Rd5 31. Ke2 a5 32. Qe8+ Kg7 33. Qe7 Rc4 34. Qf6+
Kg8 35. Ke3 Rc1 36. Qh4 f5 37. exf6 h5 38. f5 Rxf5 39. Kxd2 Rcc5 40. Ne3 Rg5 41.
b4 axb4 42. axb4 Rb5 43. Qf4 Kf7 44. Nc4 Rgd5+ 45. Kc3 e5 46. Qg5 Ke6 47. Ne3
Rd4 48. Qg8+ Kxf6 49. Qf8+ Kg6 50. Qe8+ Kf6 51. Qxb5 {Black resigns} 1-0

[Event "Team 45 45 League T59"]
[Site "Internet Chess Club"]
[Date "2013.11.20"]
[Round "1"]
[White "MisterDoob"]
[Black "gump12345"]
[Result "1-0"]
[WhiteElo "2287"]
[BlackElo "2119"]
[Opening "King's Indian: Andersson variation"]
[ECO "E92"]
[Time "18:34:55"]
[TimeControl "2700+45"]

1. d4 Nf6 2. c4 g6 3. Nc3 Bg7 4. e4 d6 5. Nf3 O-O 6. Be2 e5 7. dxe5 dxe5 8. Bg5
Nbd7 9. O-O Re8 10. Qc2 c6 11. Rad1 Qc7 12. h3 a5 13. Be3 b6 14. Rd2 Bf8 15.
Rfd1 Nc5 16. Bg5 Kg7 17. Bh4 Ba6 18. a3 Ncd7 19. Qc1 Be7 20. Qb1 Nf8 21. c5 Bxc5
22. Bxf6+ Kxf6 23. Bxa6 Rxa6 24. b4 axb4 25. axb4 Be7 26. b5 Ra3 27. Qc1 Bc5 28.
bxc6 Qxc6 29. Rd6+ Qxd6 30. Rxd6+ Bxd6 31. Nb5 Rd3 32. Qc2 Rxf3 33. Nxd6 {Black
resigns} 1-0